 Dungeon Crawl Stone Soup version 0.20.1-1-g8b1a95d (webtiles) character file.

1316 lorenzova the Thaumaturge (level 8, -9/41 HPs)
             Began as a Deep Elf Conjurer on Oct 26, 2017.
             Was a Believer of Sif Muna.
             Mangled by Blork the orc
             ... wielding a cursed -3 halberd
              (11 damage)
             ... on level 5 of the Dungeon.
             The game lasted 00:13:05 (7151 turns).

lorenzova the Thaumaturge (Deep Elf Conjurer)       Turns: 7151, Time: 00:13:06

Health: -9/41      AC:  2    Str:  7 (10) XL:     8   Next: 33%
Magic:  11/23      EV: 13    Int: 22 (23) God:    Sif Muna [**....]
Gold:   167        SH:  0    Dex: 15 (17) Spells: 14/25 levels left

rFire    . . .     SeeInvis .   r - +0 falchion
rCold    . . .     Gourm    .   (no shield)
rNeg     . . .     Faith    .   a - +0 robe
rPois    .         Spirit   .   (no helmet)
rElec    .         Reflect  .   (no cloak)
rCorr    .         Harm     .   (no gloves)
MR       .....                  (no boots)
Stlth    +++.......             (no amulet)
Regen    0.2/turn               (no ring)
MPRegen  0.2/turn               (no ring)

@: mighty
A: talons 1, thin skeletal structure 1
a: Divine Energy, Renounce Religion


You were on level 5 of the Dungeon.
You worshipped Sif Muna.
Sif Muna was pleased with you.
You were hungry.

You visited 1 branch of the dungeon, and saw 5 of its levels.

You collected 167 gold pieces.

Inventory:

Hand Weapons
 r - a +0 falchion (weapon)
Armour
 a - a +0 robe (worn)
Wands
 u - a wand of polymorph (20/24)
 x - a wand of lightning (4/15)
Scrolls
 e - 2 scrolls of teleportation {unknown}
 g - 2 scrolls of fear
 i - 2 scrolls of enchant armour {unknown}
 l - 4 scrolls of remove curse
 m - 2 scrolls of fog {unknown}
 o - a scroll of enchant weapon {unknown}
 p - 4 scrolls of identify {unknown}
 q - a scroll of random uselessness {unknown}
 s - a scroll of magic mapping {unknown}
 w - a scroll of blinking {unknown}
 y - a scroll of amnesia {unknown}
Potions
 d - a potion of berserk rage {unknown}
 f - a potion of cancellation
 j - a potion of might
 k - a potion of lignification {unknown}
Books
 b - a book of Conjurations

   Spells                             Type                      Level
   a - Magic Dart                     Conjuration                  1
   b - Searing Ray                    Conjuration                  2
   c - Dazzling Spray                 Conjuration/Hexes            3
   d - Fulminant Prism                Conjuration/Hexes            4
   e - Force Lance                    Conjuration/Translocation    4
   f - Iskenderun's Mystic Blast      Conjuration                  4
Comestibles
 c - 3 bread rations
 n - 3 royal jellies
 v - a meat ration
 z - 2 fruits


   Skills:
 - Level 2.4 Dodging
 - Level 2.4 Stealth
 * Level 9.3 Spellcasting
 * Level 8.6 Conjurations
 + Level 4.3 Hexes


You had 14 spell levels left.
You knew the following spells:

 Your Spells              Type           Power        Failure   Level  Hunger
a - Magic Dart            Conj           ####         1%          1    None
b - Searing Ray           Conj           #####.       1%          2    None
c - Iskenderun's Mystic   Conj           #####...     1%          4    ##.....
d - Fulminant Prism       Conj/Hex       #####.....   4%          4    ##.....


Dungeon Overview and Level Annotations

Branches:
Dungeon (5/15)
 Temple: D:4-7

Altars:
Hepliaklqana
Qazlal
Ru
Sif Muna
Trog
Uskayaw

Annotations:
D:5 Blork the orc


Innate Abilities, Weirdness & Mutations

You have sharp toenails.
You have a somewhat thin skeletal structure. (Dex +2, Stealth)


Message History

Blork the orc looks satisfied for a moment.
Blork the orc gestures at you while chanting.
The magic dart hits you!
Blork the orc looks encouraged for a moment.
There is an open door here.
Blork the orc looks satisfied for a moment.
Blork the orc gestures at you while chanting.
The magic dart hits you!
Blork the orc gestures at you while chanting.
The puff of frost hits you!
* * * LOW HITPOINT WARNING * * *
It was a potion of might.
You feel very mighty all of a sudden.
Blork the orc hits you from afar with a halberd!
* * * LOW HITPOINT WARNING * * *
It was a potion of degeneration.
There was something very wrong with that liquid.
You feel weakened.
You feel dopey.
You feel clumsy.
Blork the orc hits you from afar with a halberd!
You die...

........#####........#'#####....#
........#...#........#..........#
........#...##########..........#
........#.................#######
........#.................#......
........#...##............#......
#########...##....o.......#......
....................#######......
................@...#............
............##......#......######
............###'#####......#
)...................'......#
....................#......#
#.##.####...##......#......######
#.#### ##...##......#............
..# #............#............
..# #............#............


You could see Blork the orc.

Vanquished Creatures
  Eustachio (D:4)
  Edmund (D:4)
  The ghost of lorenzova the Magician, an amateur DECj (D:4)
  Purgy (D:4)
  An ice beast (D:5)
  A phantom (D:5)
  A water moccasin zombie (D:5)
  A scorpion (D:5)
  2 howler monkeys (D:4)
  2 orc priests (D:4)
  3 orc wizards
  An iguana (D:4)
  4 worker ants
  2 hound skeletons
  10 adders
  A shadow imp (D:3)
  2 oozes
  An adder skeleton (D:5)
  3 worms (D:2)
  A dart slug (D:2)
  7 leopard geckos
  13 orcs
  2 ball pythons
  4 giant cockroaches
  11 goblins
  5 hobgoblins
  3 jackals (D:1)
  10 bats
  5 frilled lizards
  A jackal skeleton (D:4)
  8 kobolds
  2 leopard gecko skeletons
  A quokka skeleton (D:4)
  8 rats
120 creatures vanquished.

Vanquished Creatures (others)
  4 fulminant prisms
4 creatures vanquished.

Grand Total: 124 creatures vanquished

Notes
Turn   | Place    | Note
-------+----------+-------------------------------------------
     0 | D:1      | lorenzova the Deep Elf Conjurer began the quest for the Orb.
     0 | D:1      | Reached XP level 1. HP: 10/10 MP: 6/6
   156 | D:1      | Reached XP level 2. HP: 15/15 MP: 5/8
   186 | D:1      | Learned a level 2 spell: Searing Ray
   439 | D:1      | Reached skill level 4 in Spellcasting
   575 | D:1      | Reached skill level 5 in Conjurations
   575 | D:1      | Reached XP level 3. HP: 19/19 MP: 7/10
  1560 | D:2      | Reached XP level 4. HP: 24/24 MP: 10/12
  1580 | D:2      | Learned a level 4 spell: Iskenderun's Mystic Blast
  1872 | D:2      | Reached skill level 5 in Spellcasting
  2440 | D:3      | Found a faded altar of an unknown god.
  2510 | D:3      | Found a hazy altar of Hepliaklqana.
  2511 | D:3      | Found a deep blue altar of Sif Muna.
  2515 | D:3      | Became a worshipper of Sif Muna the Loreminder
  2670 | D:3      | Reached XP level 5. HP: 28/28 MP: 10/15
  2726 | D:3      | Found a sacrificial altar of Ru.
  2820 | D:3      | Found a hide-covered altar of Uskayaw.
  3241 | D:3      | Reached skill level 6 in Spellcasting
  3735 | D:4      | Noticed Edmund
  3895 | D:4      | Reached XP level 6. HP: 32/32 MP: 8/17
  3948 | D:4      | Learned a level 4 spell: Fulminant Prism
  3973 | D:4      | Reached skill level 1 in Hexes
  3975 | D:4      | Reached * piety under Sif Muna
  4232 | D:4      | Noticed Eustachio
  4240 | D:4      | Killed Eustachio
  4240 | D:4      | Reached skill level 7 in Spellcasting
  4240 | D:4      | Reached XP level 7. HP: 36/36 MP: 2/19
  4247 | D:4      | Noticed Purgy
  4451 | D:4      | Killed Edmund
  5060 | D:4      | Noticed lorenzova's ghost (amateur DECj)
  5062 | D:4      | Killed lorenzova's ghost
  5062 | D:4      | Reached skill level 8 in Spellcasting
  5297 | D:4      | Gained mutation: You are dopey. (Int -2) [potion of mutation]
  5297 | D:4      | Lost mutation: You are dopey. (Int -2) [potion of mutation]
  5297 | D:4      | Gained mutation: You have sharp toenails. [potion of mutation]
  5297 | D:4      | Gained mutation: You have a somewhat thin skeletal structure. (Dex +2, Stealth) [potion of mutation]
  5298 | D:4      | HP: 1/36 [Purgy (2)]
  5659 | D:4      | Killed Purgy
  5659 | D:4      | Reached ** piety under Sif Muna
  6084 | D:4      | Found a bloodstained altar of Trog.
  6172 | D:4      | Reached XP level 8. HP: 26/41 MP: 10/22
  6615 | D:5      | Entered Level 5 of the Dungeon
  7039 | D:5      | Found a stormy altar of Qazlal.
  7049 | D:5      | Reached skill level 9 in Spellcasting
  7114 | D:5      | Noticed Blork the orc
  7150 | D:5      | HP: 2/41 [Blork the orc/halberd (7)]
  7151 | D:5      | Mangled by Blork the orc

Skill      XL: |  1  2  3  4  5  6  7  8 |
---------------+-------------------------+-----
Spellcasting   | 4 5 6 7 8 9 |  9.3
Conjurations   | 5 6 7 8 |  8.6
Hexes          | 2 3 4 |  4.3
Dodging        | |  2.4
Stealth        | |  2.4

Action                   |  1- 3 |  4- 6 |  7- 9 || total
-------------------------+-------+-------+-------++-------
Melee: Unarmed           |     1 |       |       ||     1
       Falchion          |       |     5 |     3 ||     8
       Kick              |       |       |     3 ||     3
 Cast: Magic Dart        |    66 |   117 |    77 ||   260
       Iskenderun's Myst |       |    14 |    25 ||    39
       Searing Ray       |       |     1 |     1 ||     2
       Fulminant Prism   |       |       |     4 ||     4
  Use: Scroll            |       |     2 |       ||     2
       Potion            |       |     1 |     6 ||     7
 Stab: Sleeping          |     1 |       |     1 ||     2
  Eat: Chunk             |     2 |     9 |     9 ||    20
       Fruit             |       |     1 |     1 ||     2
Armor: Robe              |     2 |     3 |     8 ||    13
Dodge: Dodged            |     9 |    13 |    17 ||    39
       Rpst.: Falchion   |       |     4 |     7 ||    11
